 Dungeon Crawl Stone Soup version 0.25.1-9-gc5326a611f (webtiles) character file.

Game seed: 10559147501847841439

920 stebl the Basher (level 7, -4/50 HPs)
             Began as a Demonspawn Gladiator on Dec 23, 2020.
             Was a Follower of Okawaru.
             Slain by an orc warrior
             ... wielding a +0 war axe
              (19 damage)
             ... on level 6 of the Dungeon.
             The game lasted 00:25:35 (5936 turns).

stebl the Basher (Demonspawn Gladiator)             Turns: 5936, Time: 00:25:37

Health: -4/50      AC:  9    Str: 16    XL:     7   Next: 83%
Magic:  6/7        EV: 11    Int: 10    God:    Okawaru [*.....]
Gold:   434        SH:  3    Dex: 16    Spells: 6/6 levels left

rFire    + . .     SeeInvis .   a - +0 flail
rCold    . . .     Gourm    .   j - +0 buckler
rNeg     . . .     Faith    .   y - +0 ring mail
rPois    .         Spirit   .   c - +0 helmet
rElec    .         Reflect  .   m - +1 cloak "Boekh" {+Fly}
rCorr    .         Harm     .   q - +0 pair of gloves
MR       .....                  (no boots)
Stlth    +.........             (no amulet)
HPRegen  0.16/turn              (no ring)
MPRegen  0.10/turn              (no ring)

@: no status effects
A: thin skeletal structure 1, fire resistance 1, spiny 1
a: Heroism, Renounce Religion, Evoke Flight


You were on level 6 of the Dungeon.
You worshipped Okawaru.
Okawaru was aware of your devotion.
You were not hungry.

You visited 2 branches of the dungeon, and saw 7 of its levels.

You collected 434 gold pieces.


Innate Abilities, Weirdness & Mutations

You have a somewhat thin skeletal structure. (Dex +2, Stealth)
Your flesh is heat resistant. (rF+)
You are partially covered in sharp spines.


   Skills:
 - Level 2.0 Fighting
 * Level 8.7 Maces & Flails
 - Level 1.7 Throwing
 - Level 2.6 Dodging


You had 6 spell levels left.
You didn't know any spells.
Your spell library was empty.

Inventory:

Hand Weapons
 a - a +0 flail (weapon)
Missiles
 d - 2 throwing nets {=f}
 i - 89 stones
 l - 40 sling bullets
 w - 7 javelins (quivered)
Armour
 c - a +0 helmet (worn)
 j - a +0 buckler (worn)
 m - the +1 cloak "Boekh" (worn) {+Fly}
   (You found it on level 4 of the Dungeon)

   It lets you fly.
 q - a +0 pair of gloves (worn)
 y - a +0 ring mail (worn)
Wands
 t - a wand of clouds (2)
 u - a wand of flame (23)
Scrolls
 b - a scroll of identify {@r1}
 e - 2 scrolls of teleportation {@r4}
 g - 3 scrolls of remove curse {@r2}
 s - a scroll of fog {unknown}
 x - a scroll of enchant armour {unknown}
 A - a scroll of magic mapping {unknown}
Potions
 h - a potion of heal wounds {unknown}
 k - 2 potions of invisibility {unknown}
 n - a potion of stabbing
 o - a potion of haste {@q3}
 p - 2 potions of berserk rage {unknown}
 r - 2 potions of lignification {unknown}
 v - 2 potions of curing {unknown}
 z - a potion of mutation {unknown}
Comestibles
 f - 9 rations {@e1}

Dungeon Overview and Level Annotations

Branches:
Dungeon (6/15)             Temple (1/1) D:6

Altars:
Ashenzari
Cheibriados
Dithmenos
Elyvilon
Fedhas
Gozag
Hepliaklqana
Kikubaaqudgha
Makhleb
Nemelex Xobeh
Okawaru
Qazlal
Ru
Sif Muna
Trog
Uskayaw
Vehumet
Wu Jian
Xom
Yredelemnul
Zin
The Shining One

Shops:
D:4

* . . .#
#. #. #.
.###.#.##
.......@#
.#....)o#
##......
##.#....
###...(.
#######


You could see an orc warrior.


Message History

You closely miss the orc warrior.
The orc warrior is heavily wounded.
The orc completely misses you.
You hit the orc warrior.
The orc warrior is heavily wounded.
The orc warrior closely misses you.
You hit the orc warrior.
The orc warrior is severely wounded.
You block the orc's attack. The orc warrior closely misses you.
You barely miss the orc warrior.
The orc warrior is severely wounded.
The orc is struck by your spines. The orc completely misses you.
You hit the orc warrior.
The orc warrior is almost dead.
You block the orc warrior's attack.
You barely miss the orc warrior.
The orc warrior is almost dead.
You feel like a meek peon again. You block the orc's attack.
You barely miss the orc warrior.
The orc warrior is almost dead.
The orc warrior is struck by your spines.
The orc warrior barely misses you. The orc closely misses you.
You closely miss the orc warrior.
The orc warrior is almost dead.
The orc is struck by your spines.
You kill the orc!
Okawaru accepts your kill.
The orc warrior hits you with a +0 war axe!!
You die...

Skill      XL: |  1  2  3  4  5  6  7 |
---------------+----------------------+-----
Maces & Flails | 3 4 5 6 7 8 |  8.7
Fighting       | |  2.0
Throwing       | |  1.7
Dodging        | |  2.6

Action                   |  1- 3 |  4- 6 |  7- 9 || total
-------------------------+-------+-------+-------++-------
Melee: Flail             |   141 |    94 |    82 ||   317
Throw: Stone             |     2 |     3 |       ||     5
       Javelin           |       |    14 |     8 ||    22
       Throwing net      |       |       |     3 ||     3
Invok: Heroism           |       |       |     1 ||     1
Evoke: Wand              |       |     2 |       ||     2
  Use: Scroll            |       |     6 |       ||     6
 Stab: Sleeping          |     3 |     4 |       ||     7
       Confused          |       |     2 |       ||     2
  Eat: Chunk             |     4 |     8 |     4 ||    16
Armor: Leather armour    |    37 |    11 |     4 ||    52
       Ring mail         |       |       |    15 ||    15
Dodge: Dodged            |   110 |    36 |    33 ||   179
Block: Buckler           |    20 |    16 |    12 ||    48

Levels and vault maps discovered:
D:1:      psy_arrival_conway, layout_basic, st_stairs_4, minmay_door_square,
          hex_medium
D:2:      layout_loops_cross, fedhas_altar_3
D:3:      layout_basic, first_ration
D:4:      layout_loops_cross, serial_shops, shop_coins, serial_glass,
          glass_columns_a, glass_columns_b
D:5:      layout_basic, basic_altar, st_stairs_13, led_sif_pool
D:6:      old_forge, layout_loops_corners, nemelex_xobeh_ov_fountains_minmay,
          minmay_temple_entry_statues_pillars, cheibrodos_sewer_entry_drain
Temple:   nicolae_temple_the_god_donut

Notes
Turn   | Place    | Note
-------+----------+-------------------------------------------
     0 | D:1      | stebl the Demonspawn Gladiator began the quest for the Orb.
     0 | D:1      | Reached XP level 1. HP: 16/16 MP: 1/1
   107 | D:1      | Reached skill level 3 in Maces & Flails
   343 | D:1      | Gained mutation: Your flesh is heat resistant. (rF+)
                  | [demonic ancestry]
   343 | D:1      | Reached XP level 2. HP: 14/22 MP: 2/2
  1402 | D:2      | Gained mutation: You are partially covered in sharp spines.
                  | [demonic ancestry]
  1402 | D:2      | Reached XP level 3. HP: 25/27 MP: 3/3
  1448 | D:2      | Reached skill level 4 in Maces & Flails
  1489 | D:2      | Found a blossoming altar of Fedhas.
  2061 | D:2      | Gained mutation: You have a somewhat thin skeletal
                  | structure. (Dex +2, Stealth) [demonic ancestry]
  2061 | D:2      | Reached XP level 4. HP: 33/33 MP: 4/4
  2459 | D:3      | Reached skill level 5 in Maces & Flails
  3742 | D:4      | Reached XP level 5. HP: 37/38 MP: 5/5
  3814 | D:4      | Noticed a phantom
  3827 | D:4      | Killed a phantom
  3937 | D:4      | Found Niebugh's Assorted Antiques.
  3939 | D:4      | You fall into a shaft and drop 2 floors!
  3939 | D:6      | Found a sparkling altar of Nemelex Xobeh.
  3949 | D:6      | Reached skill level 6 in Maces & Flails
  3960 | D:6      | Reached XP level 6. HP: 41/44 MP: 6/6
  4023 | D:6      | Reached skill level 7 in Maces & Flails
  4041 | D:6      | Found a staircase to the Ecumenical Temple.
  4053 | Temple   | Entered the Ecumenical Temple
  4209 | Temple   | Became a worshipper of Warmaster Okawaru
  4272 | D:5      | Entered Level 5 of the Dungeon
  4280 | D:4      | Got a transparent cloak
  4286 | D:4      | Identified the +1 cloak "Boekh" {+Fly} (You found it on
                  | level 4 of the Dungeon)
  4765 | D:5      | Reached XP level 7. HP: 49/50 MP: 7/7
  4786 | D:5      | Found a shadowy altar of Dithmenos.
  5053 | D:5      | Reached skill level 8 in Maces & Flails
  5399 | D:5      | Reached * piety under Okawaru
  5668 | D:5      | Found a shimmering blue altar of Sif Muna.
  5936 | D:6      | Slain by an orc warrior

Vanquished Creatures
  A black bear (D:6)
  An ogre (D:5)
  A phantom (D:4)
  A sky beast (D:5)
  A bullfrog (D:6)
  A howler monkey (D:4)
  A crimson imp (D:5)
  A centaur skeleton (D:5)
  4 orc wizards
  2 orc priests
  A bullfrog skeleton (D:5)
  A worker ant (D:5)
  6 adders
  A gnoll (D:5)
  An ooze (D:2)
  An adder skeleton (D:5)
  4 worms
  2 dart slugs
  3 leopard geckos
  13 orcs
  5 bats
  5 giant cockroaches
  8 hobgoblins
  10 jackals
  A quokka (D:2)
  5 frilled lizards
  6 goblins
  A jackal zombie (D:3)
  14 kobolds
  6 rats
108 creatures vanquished.

Vanquished Creatures (others)
  13 fungi (D:6)
13 creatures vanquished.

Grand Total: 121 creatures vanquished

Table legend:
 A = Turns spent in this place as a percentage of turns spent in the entire game.
 B = Non-inter-level travel turns spent in this place as a percentage of non-inter-level travel turns spent in the entire game.
 C = Inter-level travel turns spent in this place as a percentage of turns spent in this place.
 D = Turns resting spent in this place as a percentage of non-inter-level travel turns spent in this place.
 E = Turns spent auto-exploring this place as a percentage of non-inter-level travel turns spent in this place.
 F = Non-inter-level travel turns spent in this place divided by the number of levels of this place that you've seen.
                   A       B       C       D       E      F
               +-------+-------+-------+-------+-------+----------------------
         Total | 100.0 | 100.0 |   3.8 |  14.1 |  63.9 | 815.9
       Dungeon |  97.1 |  97.2 |   3.7 |  14.5 |  65.0 | 925.5
        Temple |   2.9 |   2.8 |   8.1 |   0.0 |  22.2 | 158.0
               +-------+-------+-------+-------+-------+----------------------

Table legend:
 A = Non-vault XP
 B = Vault XP
 C = Vault XP percentage of total XP
 D = Non-vault monster count
 E = Vault monster count
 F = Vault count percentage of total count
                 A         B        C        D         E       F
            +---------+---------+-------+---------+---------+-------
      Total |    1298 |      17 |   1.3 |     105 |       3 |   2.8
            +---------+---------+-------+---------+---------+-------
        D:1 |      36 |       3 |   7.7 |      21 |       2 |   8.7
        D:2 |      92 |       0 |   0.0 |      27 |       0 |   0.0
        D:3 |      59 |       0 |   0.0 |      17 |       0 |   0.0
        D:4 |     201 |       0 |   0.0 |      11 |       0 |   0.0
        D:5 |     561 |      14 |   2.4 |      19 |       1 |   5.0
        D:6 |     349 |       0 |   0.0 |      10 |       0 |   0.0
            +---------+---------+-------+---------+---------+-------
